 Dungeon Crawl Stone Soup version 0.27.1-1-g398f81649c (webtiles) character file.

Game seed: 14062397324931994775

8395 Atelerd the Covert (level 11, -3/64 HPs)
             Began as an Octopode Earth Elementalist on Sept 21, 2021.
             Was a Believer of Sif Muna.
             Slain by an eight-headed hydra (6 damage)
             ... on level 11 of the Dungeon.
             The game lasted 00:25:19 (13033 turns).

Atelerd the Covert (Octopode Earth Elementalist)   Turns: 13033, Time: 00:25:20

Health: -3/64      AC:  1    Str:  8    XL:     11   Next: 30%
Magic:  23/23      EV: 14    Int: 21    God:    Sif Muna [**....]
Gold:   546        SH:  5    Dex: 12    Spells: 12/26 levels left

rFire    . . .     SeeInvis .   x - +1 dagger (elec)
rCold    + . .     Faith    .   (no shield)
rNeg     . . .     Spirit   .   (helmet restricted)
rPois    .         Reflect  +   F - amulet of reflection
rElec    .         Harm     .   s - +4 ring of slaying
rCorr    .         Rampage  .   u - ring of protection from cold
Will     .....                  (no ring)
Stlth    +++++.....             (no ring)
HPRegen  0.20/turn              (no ring)
MPRegen  0.18/turn              (no ring)
                                (no ring)
                                (no ring)

@: attractive
A: almost no armour, amphibious, 8 rings, camouflage 1, gelatinous body 1,
(nimble swimmer 1), tentacles, subdued magic 1
a: Renounce Religion, Channel Magic


You were on level 11 of the Dungeon.
You worshipped Sif Muna.
Sif Muna was pleased with you.
You visited 3 branches of the dungeon, and saw 13 of its levels.

You collected 546 gold pieces.

Inventory:

Hand Weapons
 d - a +0 dagger
 w - a +2 dagger of venom
 x - a +1 dagger of electrocution (weapon)
 y - a +2 dagger of venom
Missiles
 b - 74 stones
Jewellery
 s - a +4 ring of slaying (left tentacle)
 u - a ring of protection from cold (right tentacle)
 F - an amulet of reflection (around mantle)
Wands
 i - a wand of flame (36)
 r - a wand of acid (18)
 B - a wand of charming (7)
 C - a wand of polymorph (5)
 D - a wand of iceblast (4)
 G - a wand of digging (8)
Scrolls
 e - 2 scrolls of holy word
 g - 3 scrolls of enchant weapon {unknown}
 j - a scroll of silence
 l - 2 scrolls of immolation
 m - a scroll of amnesia
 n - a scroll of vulnerability {unknown}
 q - a scroll of enchant armour {unknown}
 v - 3 scrolls of noise {unknown}
Potions
 c - a potion of mutation
 o - a potion of might {unknown}
 p - a potion of curing {unknown}
 t - a potion of ambrosia
 z - a potion of cancellation
 E - a potion of degeneration {unknown}


   Skills:
 - Level 2.0 Fighting
 - Level 2.0 Short Blades
 - Level 5.0 Dodging
 - Level 10.0 Stealth
 + Level 8.2 Spellcasting
 + Level 1.5 Necromancy
 - Level 5.0 Transmutations
 + Level 8.5 Earth Magic
 - Level 8.0 Invocations


You had 12 spell levels left.
You knew the following spells:

 Your Spells              Type           Power      Damage    Failure   Level
a - Sandblast             Erth           68%        2d15      1%          1
b - Dispel Undead         Necr           11%        3d9       34%         4
l - Lee's Rapid Deconstr  Erth           17%        3d11*     4%          5
p - Petrify               Tmut/Erth      28%        N/A       3%          4

Your spell library contained the following spells:

 Spells                   Type           Power      Damage    Failure   Level
 Passwall                 Tmut/Erth      23%        N/A       1%          2
 Animate Skeleton         Necr           22%        N/A       3%          1
 Pain                     Necr           44%        1d6       3%          1
 Stone Arrow              Conj/Erth      40%        3d9       3%          3
 Static Discharge         Conj/Air       6%         N/A       10%         2
 Vampiric Draining        Necr           5%         2d6       10%         3
 Sticky Flame             Conj/Fire      6%         2d3       56%         4


Dungeon Overview and Level Annotations

Branches:
Dungeon (11/15)            Temple (0/1) D:5            Lair (1/6) D:8
    Orc (1/2) D:9

Altars:
Cheibriados
Dithmenos
Fedhas
Okawaru
Sif Muna
Vehumet
The Shining One

Shops:
D:1 (

Annotations:
D:2 Terence
D:8 2 transporters, Shutri's ghost, novice TrBe
D:9 exclusion: yak


Innate Abilities, Weirdness & Mutations

You cannot wear most types of armour.
You are amphibious.
You can wear up to eight rings at the same time.
Your skin changes colour to match your surroundings (Stealth+).
Your rubbery body absorbs attacks. (AC +1, EV +1)
((You are camouflaged near water. (Stealth+)))
You have tentacles for arms and can constrict up to eight enemies at once.
Your spells are a little easier to cast, but a little less powerful.


Message History

You start resting.
An efreet comes into view.
It is wielding a +1 scimitar of flaming.
The efreet gestures at you.
The fireball explodes!
The fireball engulfs you!!
The four-headed hydra roars!
You hear a roar!
You hear an angry hiss.
A sea snake comes into view.
The sea snake changes into a shock serpent!
An eight-headed hydra comes into view.
There is an open door here.
Okay, then.
Okay, then.
Press: ? - help, v - describe, . - travel
Here: a shock serpent shaped shifter (wandering, hasn't noticed you)
The floor.
Okay, then.
Okay, then.
Unknown command.
Okay, then.
Casting: Petrify (dangerous; 3% risk of failure)
Confirm with . or Enter, or press ? or * to list all spells.
Okay, then.
Unknown command.
Casting: Petrify (dangerous; 3% risk of failure)
Confirm with . or Enter, or press ? or * to list all spells.
Aiming: Petrify (dangerous; 3% risk of failure)
Press: ? - help, Shift-Dir - straight line, f - shock serpent
Aim: a shock serpent shaped shifter (wandering, hasn't noticed you, chance to affect: 39%)
Okay, then.
Unknown command.
It was a potion of attraction.
You feel attractive to monsters. The eight-headed hydra bites you.
* * * LOW HITPOINT WARNING * * *
You block the eight-headed hydra's attack.
The eight-headed hydra bites you!
* * * LOW HITPOINT WARNING * * *
The eight-headed hydra bites you.
* * * LOW HITPOINT WARNING * * *
The eight-headed hydra bites you.
You die...

............# ............#
............# ............#
.......S....# ............#
......D.....# ### ### #@#
..# #.. #.######## #.## #.#
#D.......# #..# #.#
#........# ##.###.#
#........# #..##.#
#R.......###
###.##.#########☼#.........
........°.○R..○☼.........#
....##...#######.........#


You could see an eight-headed hydra, a four-headed hydra, a shock serpent shaped
shifter (wandering) and an efreet.

Vanquished Creatures
  A centaur warrior (D:11)
  A two-headed ogre (D:11)
  A cyclops (D:11)
  An ugly thing (D:8)
  A gargoyle (D:11)
  A hornet (D:8)
  A troll (D:9)
  Sigmund (D:3)
  A wyvern (D:11)
  A wraith (D:11)
  5 yaks
  A steam dragon (D:6)
  An acid dragon (D:6)
  2 water moccasins
  8 orc warriors
  2 sky beasts
  2 black bears
  A necrophage (D:4)
  An ogre (D:6)
  2 centaurs
  2 kobold brigands
  8 bullfrogs
  A water moccasin zombie (D:6)
  4 scorpions
  A water moccasin skeleton (D:6)
  8 killer bees
  3 howler monkeys (D:8)
  A bullfrog zombie (D:7)
  5 centaur zombies
  A hound (D:6)
  2 jellies
  An orc priest (D:5)
  4 iguanas
  A centaur skeleton (D:7)
  Natasha (thrice) (D:2)
  12 orc wizards
  A hound skeleton (D:4)
  2 howler monkey zombies
  11 adders
  2 white imps
  2 ufetubi
  A dart slug (D:3)
  49 orcs
  6 ball pythons
  8 bats
  9 endoplasms
  7 giant cockroaches
  5 goblins
  4 hobgoblins
  5 jackals
  3 quokkas
  4 frilled lizards
  15 kobolds
  3 rats
229 creatures vanquished.

Vanquished Creatures (others)
  9 fungi (D:8)
  54 plants
63 creatures vanquished.

Grand Total: 292 creatures vanquished

Notes
Turn   | Place    | Note
-------+----------+-------------------------------------------
     0 | D:1      | Atelerd the Octopode Earth Elementalist began the quest for
                  | the Orb.
     0 | D:1      | Reached XP level 1. HP: 11/11 MP: 3/3
     7 | D:1      | You fall into a shaft and drop 1 floor!
     7 | D:2      | Noticed Natasha
    14 | D:2      | Killed Natasha
    15 | D:2      | Reached skill level 3 in Stealth
    15 | D:2      | Reached XP level 2. HP: 17/17 MP: 0/5
    15 | D:2      | Reached XP level 3. HP: 21/21 MP: 0/6
   463 | D:2      | Noticed Natasha
   467 | D:2      | Killed Natasha
   468 | D:2      | Reached XP level 4. HP: 5/27 MP: 3/7
   664 | D:2      | Noticed Natasha
   668 | D:2      | Killed Natasha
   669 | D:2      | Reached skill level 4 in Stealth
   809 | D:2      | Noticed Terence
  1260 | D:1      | Found Houdued's Weapon Boutique.
  1398 | D:1      | Reached XP level 5. HP: 31/31 MP: 9/9
  1792 | D:1      | Learned a level 4 spell: Petrify
  2437 | D:3      | Noticed Sigmund
  2443 | D:3      | Killed Sigmund
  2444 | D:3      | Reached skill level 5 in Stealth
  2444 | D:3      | Reached XP level 6. HP: 15/36 MP: 6/11
  3711 | D:4      | Reached XP level 7. HP: 35/41 MP: 12/12
  3916 | D:4      | Reached skill level 5 in Earth Magic
  4160 | D:4      | Found a blossoming altar of Fedhas.
  4418 | D:4      | Learned a level 4 spell: Dispel Undead
  4427 | D:5      | Entered Level 5 of the Dungeon
  5261 | D:5      | Found a glowing golden altar of the Shining One.
  5277 | D:5      | Reached skill level 5 in Spellcasting
  5277 | D:5      | Reached XP level 8. HP: 41/46 MP: 13/15
  5345 | D:5      | Found a snail-covered altar of Cheibriados.
  5347 | D:5      | Found a shimmering blue altar of Sif Muna.
  5374 | D:5      | Became a worshipper of Sif Muna the Loreminder
  5387 | D:5      | Found a staircase to the Ecumenical Temple.
  5690 | D:6      | Gained mutation: Your spells are a little easier to cast,
                  | but a little less powerful. [potion of mutation]
  6421 | D:6      | Reached skill level 1 in Fighting
  6421 | D:6      | Reached skill level 1 in Short Blades
  6421 | D:6      | Reached skill level 1 in Invocations
  6961 | D:6      | Reached skill level 6 in Stealth
  6983 | D:6      | Reached XP level 9. HP: 54/54 MP: 13/17
  7413 | D:7      | Reached skill level 7 in Stealth
  8200 | D:8      | Reached * piety under Sif Muna
  8201 | D:8      | Reached skill level 5 in Transmutations
  8308 | D:8      | Reached skill level 8 in Stealth
  8838 | D:8      | Reached XP level 10. HP: 20/60 MP: 15/19
  8890 | D:7      | Learned a level 5 spell: Lee's Rapid Deconstruction
  9044 | D:8      | Reached skill level 5 in Dodging
  9046 | D:8      | Reached skill level 5 in Invocations
  9207 | D:8      | Found a transporter.
  9212 | D:8      | Found a transporter.
  9213 | D:8      | Noticed Shutri's ghost (novice TrBe)
  9342 | D:8      | Found a radiant altar of Vehumet.
  9347 | D:8      | Found a shadowy altar of Dithmenos.
  9391 | D:8      | Found a staircase to the Lair.
  9823 | D:8      | Noticed a purple ugly thing
  9842 | D:8      | Killed a purple ugly thing
 10038 | D:8      | Identified the +6 scale mail of Grace {-Tele rF++ Str+2
                  | Stlth+}
 10208 | D:9      | Found an iron altar of Okawaru.
 10450 | D:9      | Reached ** piety under Sif Muna
 10837 | D:9      | Found a staircase to the Orcish Mines.
 11321 | D:10     | Entered Level 10 of the Dungeon
 11360 | Orc:1    | Entered Level 1 of the Orcish Mines
 11433 | Lair:1   | Entered Level 1 of the Lair of Beasts
 11437 | Lair:1   | Noticed a five-headed hydra
 11441 | Lair:1   | Noticed a six-headed hydra
 12083 | D:10     | Identified the +2 robe "Sub Lei" {Harm Str+8 Int-2}
 12155 | D:10     | Reached skill level 9 in Stealth
 12466 | D:11     | Noticed a cyclops
 12479 | D:11     | Killed a cyclops
 12480 | D:11     | Reached XP level 11. HP: 64/64 MP: 15/22
 12586 | D:11     | Noticed a two-headed ogre
 12597 | D:11     | Killed a two-headed ogre
 12598 | D:11     | Reached skill level 10 in Stealth
 12622 | D:11     | Noticed a centaur warrior
 12624 | D:11     | HP: 1/64 [centaur warrior/arrow (12)]
 12632 | D:11     | Killed a centaur warrior
 12633 | D:11     | Reached skill level 1 in Necromancy
 12715 | D:11     | Noticed a centaur warrior
 12881 | D:11     | Noticed a fire dragon
 12945 | D:11     | Noticed a four-headed hydra
 13030 | D:11     | Noticed a sea snake
 13031 | D:11     | Noticed a shock serpent
 13031 | D:11     | a sea snake changed into a shock serpent
 13032 | D:11     | Noticed an eight-headed hydra
 13033 | D:11     | HP: 3/64 [eight-headed hydra (6)]
 13033 | D:11     | Slain by an eight-headed hydra

Illustrated notes

Levels and vault maps discovered:
D:1:      lightli_arrival_statue_moat, layout_loops_ring, serial_shops, shop
D:2:      layout_loops_cross, corexii_item_surrounded_by_moat, uniq_natasha,
          uniq_terence
D:3:      layout_basic, serial_bayou_crossing, uniq_sigmund
D:4:      layout_rooms, overflow_temple_1_default
D:5:      layout_loops_cross, tso_oasis_becter,
          gammafunk_temple_overflow_statue, minmay_temple_entry_tees
D:6:      layout_basic
D:7:      cheibrodos_helix_gallery, layout_basic
D:8:      layout_cave_pools, mainiacjoe_overflow_big_doors,
          grunt_lair_entry_orc_guard_hut, gammafunk_ghost_hive,
          serial_bayou_lagoon_a, minmay_increasing_density
D:9:      layout_cave_pools, mainiacjoe_overflow_chevrons, david_orc_4
D:10:     lemuel_slime, layout_layer_cave, hellmonk_guarded_unrand_night
D:11:     minmay_shrinking_squares, layout_basic
Lair:1:   layout_gridlike, infiniplex_staircase_pool, grunt_megastairs_4
Orc:1:    layout_caves, gammafunk_ghost_grave, roderic_batcave

Skill      XL: |  1  2  3  4  5  6  7  8  9 10 11 |
---------------+----------------------------------+-----
Stealth        | 3 4 5 6 8 9 10 | 10.0
Transmutations | 2 3 4 5 |  5.0
Spellcasting   | 3 5 6 7 8 |  8.2
Earth Magic    | 4 5 7 8 |  8.5
Fighting       | 1 2 |  2.0
Short Blades   | 1 2 |  2.0
Invocations    | 2 4 8 |  8.0
Dodging        | 4 5 |  5.0
Necromancy     | 1 |  1.5

Action                   |  1- 3 |  4- 6 |  7- 9 | 10-12 || total
-------------------------+-------+-------+-------+-------++-------
Melee: Unarmed           |    20 |       |       |       ||    20
       Constrict         |     7 |    12 |    31 |    25 ||    75
       Dagger            |     5 |    85 |   147 |    88 ||   325
       Tentacles         |     5 |    13 |    25 |     9 ||    52
 Cast: Sandblast         |     9 |    33 |    81 |    64 ||   187
       Petrify           |       |       |    21 |    47 ||    68
       Lee's Rapid Decon |       |       |       |     5 ||     5
Invok: Channel Magic     |       |       |       |     2 ||     2
Evoke: Wand              |       |       |     1 |     4 ||     5
  Use: Potion            |       |       |     3 |     3 ||     6
       Scroll            |       |       |       |     9 ||     9
 Stab: Sleeping          |     3 |    34 |    16 |     1 ||    54
       Petrified         |       |       |    22 |    34 ||    56
       Petrifying        |       |       |     4 |     3 ||     7
       Distracted        |       |       |     1 |       ||     1
Armor: Skin              |       |     3 |     5 |     6 ||    14
Dodge: Dodged            |    21 |    32 |   122 |    55 ||   230
Block: Other             |       |       |       |    10 ||    10
       Reflection        |       |       |       |     2 ||     2
